AoeStats
← Mr. Penis

African Clearing

505305527Analyzed
4v4 RM · 24d ago on Sep 8, 2026· 34m 2s· 8 players
Game mode
Random Map
Map size
Large (8 player)
Population
200
Speed
Normal
Resources
Standard
Victory
Conquest
Starting age
Dark Age
Ending age
Imperial Age
RankedLock teamsTeams togetherTeam positionsShared explorationLock speedFull tech treeHidden civsTurbo modeCheats
Victory
Defeat
🇫🇮 Burgundians · Finland
1270
+13
🇺🇸 Slavs · United States
1248
+14
🇲🇽 Malians · Mexico
1237
+15
🇷🇺 Jurchens · Russia
1159
+18
🇦🇷 Spanish · Argentina
1345
-21
🇫🇷 Franks · France
1164
-13
🇫🇷 Cumans · France
1161
-13
🇬🇧 Mongols · United Kingdom
1158
-13
I ONLY MAKE TRADE CARTS
6:27 Loom
13:36 Feudal Age
14:03 Double-Bit Axe
14:33 Town Watch
21:22 Wheelbarrow
24:13 Castle Age
23:56 Forging
23:54 Scale Barding Armor
25:06 Bloodlines
25:06 Light Cavalry
28:44 Chain Barding Armor
Naco y Estúpido
13:43 Feudal Age
11:59 Loom
14:41 Double-Bit Axe
18:02 Town Watch
20:32 Forging
21:24 Bloodlines
21:40 Scale Barding Armor
28:28 Castle Age
28:42 Fishing Lines
30:08 Chain Barding Armor
30:23 Iron Casting
Mr. Penis
14:29 Feudal Age
18:52 Castle Age
16:55 Double-Bit Axe
17:20 Horse Collar
19:17 Loom
20:26 Bow Saw
21:28 Fletching
22:31 Wheelbarrow
28:03 Heavy Plow
30:15 Scale Barding Armor
32:02 Bloodlines
33:41 Gold Mining
33:42 Stone Mining
engarvi
10:43 Loom
13:12 Feudal Age
13:26 Double-Bit Axe
14:30 Bow Saw
18:09 Horse Collar
22:07 Castle Age
20:51 Scale Barding Armor
21:22 Heavy Plow
22:36 Forging
23:51 Two-Man Saw
22:17 Light Cavalry
23:23 Chain Barding Armor
24:18 Gold Mining
26:10 Gold Shaft Mining
27:00 Wheelbarrow
28:29 Husbandry
32:58 Hand Cart
32:53 Cavalier
36:22 Imperial Age
Evil Walks
8:59 Loom
9:50 Loom
12:30 Feudal Age
17:01 Scale Barding Armor
18:05 Forging
20:46 Town Watch
31:07 Wheelbarrow
milesburkley
4:27 Loom
13:20 Feudal Age
17:15 Castle Age
15:06 Double-Bit Axe
18:34 Bow Saw
19:36 Fletching
20:35 Bodkin Arrow
20:41 Horse Collar
22:12 Padded Archer Armor
22:47 Wheelbarrow
29:52 Ballistics
30:31 Heavy Plow
31:18 Leather Archer Armor
33:17 Bloodlines
33:28 Gold Mining
Fricelebarbare
6:42 Loom
11:55 Feudal Age
14:52 Horse Collar
20:51 Wheelbarrow
21:42 Fletching
23:04 Forging
28:58 Castle Age
Agua Mineral
3:06 Loom
14:44 Feudal Age
16:55 Gold Mining
16:58 Stone Mining
18:03 Double-Bit Axe
21:34 Castle Age
19:21 Horse Collar
21:24 Town Watch
22:43 Town Patrol
28:23 Bow Saw
32:06 Padded Archer Armor
33:31 Fletching
Connection lost

Rejoining the realm…

Still unreachable

The connection could not be restored.

Session expired

The server has moved on; the page needs a fresh start.